 Dungeon Crawl Stone Soup version 0.30.0-30-g96aa6591b8 (webtiles) character file.

Game seed: 2558778653693662159

7510 AgateBread the Protected (level 10, -7/85 HPs)
             Began as an Armataur Warper on June 28, 2023.
             Was an Elder of Okawaru.
             Hit by a javelin thrown by Urug (18 damage)
             ... on level 10 of the Dungeon.
             The game lasted 01:03:57 (9972 turns).

AgateBread the Protected (Armataur Warper)          Turns: 9972, Time: 01:03:58

Health: -7/85      AC: 24    Str: 17    XL:     10   Next: 95%
Magic:  12/12      EV:  5    Int: 18    God:    Okawaru [****..]
Gold:   1405       SH:  9    Dex: 13    Spells: 3/12 levels left

rFire   + . .        v - +1 long sword (venom)
rCold   . . .        Q - +0 kite shield
rNeg    . . .        D - +8 chain mail of Nomos {rCorr Int+4}
rPois   +            (no helmet)
rElec   .            a - +2 cloak
rCorr   +            I - +0 pair of gloves
SInv    .            (no barding)
Will    .....        (no amulet) Stlth
                     i - ring of protection from fire
HPRegen 0.34/turn    q - ring of poison resistance
MPRegen 0.13/turn

%: roll
@: hasted, invisible, very quick
A: large, rugged brown scales 3, deformed body, armoured tail, roll, long
tongue, awkward tongue
a: Renounce Religion, Heroism, Finesse


You were on level 10 of the Dungeon.
You worshipped Okawaru.
Okawaru was greatly pleased with you.
You visited 2 branches of the dungeon, and saw 11 of its levels.
You also visited: Sewer.

You collected 1405 gold pieces.

Inventory:

Hand Weapons
 b - a +1 short sword of chaos
 g - a +5 dagger of venom
 h - a +2 vampiric whip
 v - a +1 long sword of venom (weapon)
 U - the +6 spear "Qiru" {pain, SInv}
   (You found it on level 7 of the Dungeon)

   SInv:      It lets you see invisible.
Missiles
 j - 19 poisoned darts
 k - 2 boomerangs
 G - 3 silver javelins
 S - a curare-tipped dart
Armour
 a - a +2 cloak (worn)
 d - a +0 cloak of preservation
 s - +0 storm dragon scales
 D - the +8 chain mail of Nomos (worn) {rCorr Int+4}
   (You acquired it on level 2 of the Dungeon)

   Int:       It affects your intelligence (+4).
   rCorr:     It protects you from acid and corrosion.
 I - a +0 pair of gloves (worn)
 K - the +5 leather armour of the Big Bang {Harm Int+3 Dex+2}
   (You found it on level 9 of the Dungeon)

   Int:       It affects your intelligence (+3).
   Dex:       It affects your dexterity (+2).
   Harm:      It increases damage dealt and taken.
 N - a +0 troll leather armour {Pargi}
 Q - a +0 kite shield (worn)
 R - the +0 chain mail "Trusted Companion" {Will+}
   (You found it on level 7 of the Dungeon)

   Will:      It increases your willpower.
Magical Staves
 m - a staff of death
 y - a staff of fire
Jewellery
 i - a ring of protection from fire (left hand)
 q - a ring of poison resistance (right hand)
 w - an amulet of guardian spirit
Wands
 A - a wand of paralysis (8)
 C - a wand of digging (1)
 L - a wand of acid (1)
 T - a wand of flame (3)
Scrolls
 c - a scroll of blinking
 e - 2 scrolls of vulnerability
 f - 5 scrolls of teleportation
 o - 2 scrolls of immolation
 J - a scroll of amnesia
 M - 2 scrolls of enchant weapon
Potions
 l - 3 potions of curing
 n - a potion of haste
 r - 3 potions of flight
 t - 2 potions of might
 u - a potion of resistance
 x - 3 potions of magic {unknown}
 z - a potion of lignification {unknown}
 B - 2 potions of brilliance
 F - a potion of mutation {unknown}
 O - a potion of invisibility


   Skills:
 + Level 4.7 Fighting
 - Level 6.0 Long Blades
 - Level 1.7 Maces & Flails
 - Level 0.8 Throwing
 + Level 12.3 Armour
 - Level 1.3 Dodging
 + Level 4.9 Shields
 - Level 1.7 Spellcasting
 - Level 10.0 Translocations


You had 3 spell levels left.
You knew the following spells:

 Your Spells              Type           Power      Damage    Failure   Level
a - Blink                 Tloc           74%        N/A       8%          2
b - Vhi's Electric Charg  Tloc/Air       38%        N/A       75%         3
c - Manifold Assault      Tloc           37%        N/A       45%         4

Your spell library contained the following spells:

 Spells                   Type           Power      Damage    Failure   Level
 Lesser Beckoning         Tloc           74%        N/A       8%          2
 Gell's Gravitas          Tloc           37%        N/A       16%         3
 Teleport Other           Tloc           37%        N/A       16%         3
 Magic Dart               Conj           4%         1d3       97%         1
 Cigotuvi's Dreadful Rot  Necr/Pois/Air  2%         N/A       99%         2
 Ensorcelled Hibernation  Hex/Ice        2%         N/A       99%         2
 Passwall                 Tmut/Erth      0%         N/A       99%         2
 Mephitic Cloud           Conj/Pois/Air  1%         N/A       100%        3
 Ozocubu's Armour         Ice            1%         N/A       100%        3
 Swiftness                Air            1%         N/A       100%        3
 Dispel Undead            Necr           1%         3d6       100%        4
 Orb of Destruction       Conj           0%         9d5       100%        7
 Ozocubu's Refrigeration  Ice            0%         4d7       100%        7
 Call Imp                 Summ           Unusable   N/A       N/A         2
 Summon Guardian Golem    Hex/Summ       Unusable   N/A       N/A         3
 Death Channel            Necr           Unusable   N/A       N/A         6
 Spellforged Servitor     Conj/Summ      Unusable   N/A       N/A         7

Dungeon Overview and Level Annotations

Branches:
Dungeon (10/15)            Temple (1/1) D:5           Sewer (visited)
   Lair: D:8-11         Orc: D:9-12

Altars:
Ashenzari
Cheibriados
Dithmenos
Elyvilon
Fedhas
Gozag
Hepliaklqana
Makhleb
Nemelex Xobeh
Okawaru
Qazlal
Ru
Sif Muna
Trog
Vehumet
Wu Jian
Xom
Yredelemnul
Zin
The Shining One
Lugonu

Portals:
Abyss: D:4

Annotations:
D:10 Urug


Innate Abilities, Weirdness & Mutations

You are completely covered in rugged brown scales. (AC +3, +7% HP)
Armour fits poorly on your strangely shaped body.
You have a long armoured tail.
You roll when moving toward enemies. (Rampage)
Your long tongue fully drains potion bottles. (2x potion effects)
Your tongue gives you trouble enunciating. (1.5x scroll delay)


Message History

The wyvern bites you but does no damage.
The wyvern bites you.
Okay, then.
Okay, then.
You hit Urug.
Urug looks even sicker.
You tail-slap Urug.
Urug is severely wounded.
The wyvern bites you. Urug hits you with a +1 battleaxe.
You block the wyvern's attack.
You hit Urug.
Urug looks as sick as possible!
Urug is severely wounded.
You block the wyvern's attack. Urug hits you with a +1 battleaxe!!
* * * LOW HITPOINT WARNING * * *
The wyvern bites you but does no damage.
Unknown command.
You feel yourself speed up.
You slurp down every last drop of the potion of haste!
The wyvern bites you!
* * * LOW HITPOINT WARNING * * *
Urug screams, "Die, harpy!"
Urug hits you with a +1 battleaxe.
* * * LOW HITPOINT WARNING * * *
Urug throws a javelin.
The javelin pierces through you.
* * * LOW HITPOINT WARNING * * *
Okay, then.
As you slowly read the scroll of fear, it crumbles to dust.
You assume a fearsome visage.
The five-headed hydra looks frightened!
The wyvern looks frightened!
Urug resists with some effort.
You fade into invisibility!
You slurp down every last drop of the potion of invisibility!
You strike the helpless Urug from behind!
You hit Urug.
Urug looks as sick as possible!
Urug is severely wounded.
Urug hits you but does no damage.
A yak comes into view.
A wraith comes into view.
Blink to where?
Press: ? - help, Dir - move target As you slowly read the scroll of blinking, it crumbles to dust.
Urug throws a javelin.
The javelin pierces through you!!
You die...

..............#
.................#
.................#
.................#
.................# ....
.................# ....#
#..............# ..Y..#
#.#.......<......##
#....#........@..........
......###.............##
#....###............#
#.......####+##'##+##
#...§o...###.......#
#.....###.T..####.######
##... #......###......#
.... #..#.......####.#
..W ####........#


You could see Urug (unable to see you, extremely poisoned, corroded).

Vanquished Creatures
  Maurice (D:9)
  The ghost of ystael the Chopper, a novice MiFi of the Shining One (D:5)
  2 hornets
  2 trolls
  Sigmund (D:5)
  3 wyverns
  13 yaks (D:9)
  2 vampire mosquitoes (D:10)
  3 steam dragons
  2 water moccasins (D:6)
  Pargi (Sewer)
  2 ice beasts
  A sky beast (D:7)
  A black bear (D:8)
  An orc warrior (D:9)
  An ogre (D:6)
  A phantom (D:6)
  3 centaurs
  3 kobold brigands
  5 bullfrogs
  2 gnoll sergeants
  4 scorpions
  2 howler monkeys
  An electric eel (D:9)
  A hound (D:7)
  Crazy Yiuf (D:5)
  A jelly (D:6)
  5 orc priests
  Ijyb (D:5)
  A gnoll bouda (D:5)
  3 iguanas
  5 orc wizards
  17 gnolls
  7 adders
  A river rat (D:4)
  A shadow imp (D:5)
  2 ufetubi
  A worm (D:5)
  6 dart slugs
  16 orcs
  13 ball pythons
  4 endoplasms
  5 giant cockroaches
  8 goblins
  9 hobgoblins
  4 quokkas
  7 bats
  A frilled lizard (D:1)
  31 kobolds
  3 rats
  2 lurking horrors (D:4)
214 creatures vanquished.

Notes
Turn   | Place    | Note
-------+----------+-------------------------------------------
     0 | D:1      | AgateBread the Armataur Warper began the quest for the Orb.
     0 | D:1      | Reached XP level 1. HP: 18/18 MP: 3/3
    79 | D:1      | Found a faded altar of an unknown god.
   352 | D:1      | Reached XP level 2. HP: 12/25 MP: 4/4
   424 | D:1      | Learned a level 2 spell: Blink
   454 | D:1      | Reached skill level 2 in Armour
  1032 | D:1      | Reached XP level 3. HP: 23/32 MP: 5/5
  1690 | D:2      | Reached XP level 4. HP: 39/39 MP: 6/6
  1815 | D:2      | Identified 2 scrolls of acquirement
  1815 | D:2      | Acquired the +8 chain mail of Nomos {rCorr Int+4}
  1816 | D:2      | Acquired a ring of poison resistance
  2157 | D:3      | Reached skill level 3 in Armour
  2364 | D:3      | Found a snail-covered altar of Cheibriados.
  2995 | D:4      | Noticed a steam dragon
  3008 | D:4      | Killed a steam dragon
  3009 | D:4      | Reached skill level 1 in Long Blades
  3009 | D:4      | Reached skill level 4 in Armour
  3009 | D:4      | Reached XP level 5. HP: 25/44 MP: 7/7
  3062 | D:4      | Reached XP level 6. HP: 32/53 MP: 8/8
  3124 | D:4      | Found a glowing drain.
  3159 | Sewer    | Entered a sewer
  3173 | Sewer    | Learned a level 3 spell: Vhi's Electric Charge
  3331 | Sewer    | Noticed Pargi
  3342 | Sewer    | Killed Pargi
  3477 | D:4      | Acquired 876 gold pieces
  3508 | D:4      | Reached skill level 5 in Armour
  3508 | D:4      | Reached skill level 5 in Translocations
  3786 | D:4      | Found a corrupted altar of Lugonu.
  3849 | D:4      | Found a one-way gate to the infinite horrors of the Abyss.
  3994 | D:5      | Entered Level 5 of the Dungeon
  3999 | D:5      | Reached XP level 7. HP: 59/59 MP: 9/9
  4023 | D:5      | Found a staircase to the Ecumenical Temple.
  4033 | Temple   | Entered the Ecumenical Temple
  4033 | Temple   | Found a transporter.
  4033 | Temple   | Found a transporter.
  4035 | Temple   | Found a transporter.
  4035 | Temple   | Found a transporter.
  4111 | Temple   | Became a worshipper of Warmaster Okawaru
  4285 | D:5      | Reached skill level 6 in Armour
  4366 | D:5      | Reached * piety under Okawaru
  4387 | D:5      | Found a blossoming altar of Fedhas.
  4397 | D:5      | Noticed Ijyb
  4404 | D:5      | Killed Ijyb
  4434 | D:5      | Found a white marble altar of Elyvilon.
  4459 | D:5      | Found a runed translucent gate.
  4459 | D:5      | Found a runed translucent gate.
  4459 | D:5      | Found a runed translucent gate.
  4460 | D:5      | Noticed ystael's ghost (novice MiFi)
  4560 | D:5      | Reached XP level 8. HP: 34/66 MP: 10/10
  4843 | D:5      | Noticed Sigmund
  4851 | D:5      | Killed Sigmund
  5075 | D:5      | Found a runed translucent door.
  5076 | D:5      | Noticed Crazy Yiuf
  5085 | D:5      | Killed Crazy Yiuf
  5268 | D:5      | Killed ystael's ghost
  5269 | D:5      | Reached skill level 5 in Long Blades
  5269 | D:5      | Reached skill level 7 in Armour
  5477 | D:6      | Learned a level 4 spell: Manifold Assault
  5540 | D:6      | Reached ** piety under Okawaru
  5541 | D:6      | Reached skill level 8 in Armour
  5638 | D:6      | Found a glowing golden altar of the Shining One.
  5755 | D:6      | Reached XP level 9. HP: 23/72 MP: 11/11
  6187 | D:7      | Identified the +0 chain mail "Trusted Companion" {Will+}
  6303 | D:7      | Reached skill level 9 in Armour
  6584 | D:7      | Found a broken altar of Ashenzari.
  6586 | D:7      | Identified the +6 spear "Qiru" {pain, SInv}
  7079 | D:8      | Reached skill level 10 in Armour
  7091 | D:8      | Reached *** piety under Okawaru
  7301 | D:8      | Reached skill level 1 in Shields
  7897 | D:9      | Reached XP level 10. HP: 61/79 MP: 4/12
  8038 | D:9      | Identified the +5 leather armour of the Big Bang {Harm
                  | Int+3 Dex+2}
  8190 | D:9      | Reached skill level 11 in Armour
  8406 | D:9      | Found a hazy altar of Hepliaklqana.
  8413 | D:9      | Noticed Maurice
  8463 | D:9      | Killed Maurice
  8464 | D:9      | Reached skill level 10 in Translocations
  8630 | D:9      | Reached **** piety under Okawaru
  8825 | D:9      | Reached skill level 12 in Armour
  9407 | D:9      | Found a glowing silver altar of Zin.
  9445 | D:9      | Found an opulent altar of Gozag.
  9565 | D:9      | Found a bloodstained altar of Trog.
  9565 | D:9      | Found a shadowy altar of Dithmenos.
  9604 | D:9      | Found a burning altar of Makhleb.
  9708 | D:10     | Entered Level 10 of the Dungeon
  9941 | D:10     | Noticed Urug
  9955 | D:10     | Noticed a five-headed hydra
  9972 | D:10     | Hit by a javelin thrown by Urug

Illustrated notes

Levels and vault maps discovered:
D:1:      minmay_arrival_open_corners, layout_basic,
          hellmonk_ecumenical_altar_lost_god, minivault_4, feat_on_display
D:2:      layout_rooms
D:3:      layout_basic, kennysheep_slug_shrine
D:4:      layout_loops_cross, portal_sewer_entry_c,
          amcnicky_altar_lugonu_corruption
D:5:      layout_loops_cross, fedhas_altar_3, elyvilon_altar_5,
          minmay_temple_entry_arrows, gammafunk_ghost_nasty_kobolds,
          uniq_crazy_yiuf_cottage, uniq_ijyb, uniq_sigmund
D:6:      layout_basic, mainiacjoe_overflow_surrounded_room, serial_bayou_pond_e
D:7:      layout_cave_pools, ashenzari_altar_1
D:8:      layout_basic, minmay_door_square
D:9:      argonaut_augean_stables, layout_cave_pools,
          pdpol_temple_overflow_zin_treasury_gozag_greed,
          mainiacjoe_overflow_catwalk, gammafunk_temple_overflow_wave,
          lightli_temple_of_fire, eino_small_chamber_without_monster,
          uniq_maurice
D:10:     hangedman_cross_cluster, layout_basic, kennysheep_vampire_church,
          nicolae_uskayaw_dance_studio, lair_entry_dummy,
          minmay_orc_entry_guard_dogs, special_room [special_room_bee],
          serial_shops, shop, uniq_urug
Temple:   hellmonk_temple_divided_pantheon

Skill      XL: |  1  2  3  4  5  6  7  8  9 10 |
---------------+-------------------------------+-----
Fighting       | 2 4 |  4.7
Armour         | 2 4 5 6 8 10 12 | 12.3
Long Blades    | 1 2 3 4 5 6 |  6.0
Translocations | 4 5 6 7 9 10 | 10.0
Shields        | 1 4 |  4.9
Maces & Flails | |  1.7
Throwing       | |  0.8
Dodging        | |  1.3
Spellcasting   | |  1.7

Action                     |  1- 3 |  4- 6 |  7- 9 | 10-12 || total
---------------------------+-------+-------+-------+-------++-------
  Melee: Mace              |    75 |       |       |       ||    75
         Tailslap          |    11 |    18 |    53 |    25 ||   107
         Long sword        |    31 |    89 |    10 |   153 ||   283
         Dagger            |       |    89 |   333 |       ||   422
         Punch             |       |     2 |     4 |     2 ||     8
         Spear             |       |       |    26 |       ||    26
         Short sword       |       |       |     7 |       ||     7
  Throw: Boomerang         |     1 |     1 |     4 |     1 ||     7
         Dart              |       |     1 |     2 |       ||     3
         Javelin           |       |     2 |     3 |       ||     5
   Cast: Manifold Assault  |       |       |     4 |     8 ||    12
         Blink             |       |       |       |     1 ||     1
         Vhi's Electric Ch |       |       |       |     1 ||     1
 Invoke: Heroism           |       |       |     5 |     4 ||     9
  Evoke: Wand              |       |     3 |     5 |     5 ||    13
    Use: Scroll            |       |     7 |    15 |     5 ||    27
         Potion            |       |     4 |     4 |     7 ||    15
   Stab: Paralysed         |       |    10 |     3 |     5 ||    18
         Invisible         |       |       |       |     1 ||     1
 Armour: Leather armour    |    29 |       |       |    99 ||   128
         Ring mail         |    44 |    88 |       |       ||   132
         Troll leather arm |       |     6 |   140 |    10 ||   156
         Chain mail        |       |       |       |     6 ||     6
  Dodge: Dodged            |    71 |    83 |   160 |    78 ||   392
  Block: Kite shield       |       |       |       |    36 ||    36
